 Dungeon Crawl Stone Soup version 0.22-b1-59-g0aedee7 (webtiles) character file.

13428 Lew the Covert (level 12, -40/73 HPs)
             Began as a Gargoyle Fighter on Aug 9, 2018.
             Was an Elder of Nemelex Xobeh.
             Killed from afar by an ice dragon (48 damage)
             ... with a blast of cold
             ... in an ice cave.
             The game lasted 00:58:34 (11030 turns).

Lew the Covert (Gargoyle Fighter)                  Turns: 11030, Time: 00:58:36

Health: -40/73     AC: 29    Str: 27    XL:     12   Next: 5%
Magic:  0/21       EV: 12    Int:  9    God:    Nemelex Xobeh [****..]
Gold:   4569       SH: 11    Dex: 10    Spells: 11/11 levels left

rFire    . . .     SeeInvis .   i - +2 hand axe (chop)
rCold    . . .     Gourm    .   c - +0 shield
rNeg     + + .     Faith    .   u - +1 pearl dragon scales
rPois    ∞         Spirit   +   I - +1 helmet
rElec    +         Reflect  .   s - +2 cloak
rCorr    .         Harm     .   O - +2 pair of gloves {Str+3}
MR       .....                  (no boots)
Stlth    +++.......             j - amulet of guardian spirit
HPRegen  0.22/turn              q - ring of magical power
MPRegen  0.17/turn              K - +2 ring of protection

@: no status effects
A: deformed body, low mp 1, mutation resistance 1, negative energy resistance 1,
electricity resistance, unbreathing, petrification resistance, rot immunity, AC
+8
a: Triple Draw, Deal Four, Renounce Religion


You were in an ice cave.
You worshipped Nemelex Xobeh.
Nemelex Xobeh was greatly pleased with you.
You were not hungry.

You visited 3 branches of the dungeon, and saw 12 of its levels.
You also visited: Ice Cave.

You collected 5073 gold pieces.
You spent 504 gold pieces at shops.

Inventory:

Hand Weapons
 d - a +2 quarterstaff of chaos
 i - a +2 hand axe of chopping (weapon)
 p - a +3 battleaxe of freezing
 w - a +0 broad axe of chopping
 F - the +2 falchion of Demand {slice, *Drain Str+7}
   (You found it on level 6 of the Dungeon)

   It inflicts extra damage upon your enemies.
   It affects your strength (+7).
   It causes draining when unequipped.
Missiles
 b - 4 poisoned javelins (quivered)
 l - 16 tomahawks
 G - 4 throwing nets
Armour
 c - a +0 shield (worn)
 s - a +2 cloak (worn)
 u - +1 pearl dragon scales (worn)
 I - a +1 helmet (worn)
 O - a +2 pair of gloves of strength (worn)
Jewellery
 j - an amulet of guardian spirit (around neck)
 k - an uncursed ring of protection from cold
 q - a ring of magical power (left hand)
 K - a +2 ring of protection (right hand)
Wands
 g - a wand of flame (92)
 r - a wand of scattershot (7)
 v - a wand of paralysis (5)
 x - a wand of iceblast (3)
 z - a wand of digging (12)
Scrolls
 n - 6 scrolls of teleportation
 t - 4 scrolls of remove curse
 A - a scroll of magic mapping
 C - a scroll of amnesia
Potions
 h - 2 potions of brilliance
 m - a potion of berserk rage
 D - 3 potions of magic
 H - 3 potions of flight
Miscellaneous
 o - a plain deck of destruction {drawn: 1}
 y - a plain deck of destruction
 E - a plain deck of destruction
 L - a legendary deck of destruction {drawn: 3}
Comestibles
 f - 11 rations


   Skills:
 + Level 7.8 Fighting
 + Level 7.7 Axes
 + Level 7.7 Armour
 * Level 7.7 Dodging
 * Level 10.7 Stealth
 + Level 7.8 Shields
 - Level 2.5 Evocations


You had 11 spell levels left.
You didn't know any spells.
Your spell library contained the following spells:

 Spells                   Type           Power        Failure   Level  Hunger
 Magic Dart               Conj           #...         94%         1    ##.....
 Fireball                 Conj/Fire      #.........   100%        5    ######.
 Apportation              Tloc           #.....       94%         1    ##.....
 Conjure Flame            Conj/Fire      #.......     100%        3    ####...
 Throw Flame              Conj/Fire      #.....       98%         2    ###....
 Freezing Cloud           Conj/Ice/Air   #.........   100%        6    #######
 Mephitic Cloud           Conj/Pois/Air  #.......     100%        3    ####...
 Ring of Flames           Chrm/Fire      #.........   100%        7    #######
 Summon Small Mammal      Summ           #...         94%         1    ##.....
 Iskenderun's Mystic Bla  Conj           #.......     100%        4    #####..
 Animate Skeleton         Necr           N/A          94%         1    ##.....
 Sticky Flame             Conj/Fire      #.......     100%        4    #####..
 Confusing Touch          Hex            #.....       94%         1    ##.....
 Flame Tongue             Conj/Fire      #....        94%         1    ##.....
 Inner Flame              Hex/Fire       #.......     100%        3    ####...
 Fulminant Prism          Conj/Hex       #.........   100%        4    #####..
 Dazzling Spray           Conj/Hex       #.....       100%        3    ####...
 Force Lance              Conj/Tloc      #.......     100%        4    #####..
 Searing Ray              Conj           #.....       98%         2    ###....
 Poisonous Vapours        Pois/Air       #.....       98%         2    ###....


Dungeon Overview and Level Annotations

Branches:
Dungeon (10/15)            Temple (1/1) D:5            Lair (1/6) D:10
    Orc (0/2) D:10

Altars:
Ashenzari
Cheibriados
Dithmenos
Elyvilon
Fedhas
Gozag
Hepliaklqana
Kikubaaqudgha
Makhleb
Nemelex Xobeh
Okawaru
Qazlal
Ru
Sif Muna
Trog
Uskayaw
Vehumet
Wu Jian
Xom
Yredelemnul
Zin
The Shining One

Shops:
D:7 *

Portals:
Trove: D:10 (give 2 scrolls of acquirement)


Innate Abilities, Weirdness & Mutations

You are resistant to torment.
Your stone body is resilient. (AC +8)
You are immune to poison.
You resist negative energy. (rN+)
You are resistant to electric shocks. (rElec)
You can survive without breathing.
You are immune to petrification.
You are immune to rotting.
Armour fits poorly on your strangely shaped body.
Your magical capacity is low. (-10% MP)
You are somewhat resistant to further mutation.


Message History

Aim: an ice dragon (almost dead, covered in acid)
The ice dragon convulses!
Your orb of destruction hits an ice covered rock wall.
The ice dragon breathes frost at you. The blast of cold hits you!
* * * LOW HITPOINT WARNING * * *
Aiming: Paralyse
Press: ? - help, Shift-Dir - straight line, f/p - ice dragon
Aim: an ice dragon (almost dead, catching its breath, covered in acid, chance to defeat MR: 36%)
The ice dragon easily resists.
The ice dragon bites you but does no damage.
The ice dragon claws you but does no damage.
The ice dragon tramples you but does no damage.
You closely miss the ice dragon.
The ice dragon is almost dead.
The ice dragon breathes frost at you. The blast of cold hits you!
Ouch! That really hurt!
You die...
Your body glows slightly and disappears.

######..# ###.####..#
..#..#.## #####..## ...#...#
#..## ...##### ####..####
#.## ##.#....#.## ###
###..........##
#.............##
###.........§....##
#....@......§.....# ###
###....D.....§*....#
###.#####..#........§.....##
###..#..#...####..*§§§§....##
#...#.#...### ###........##
..######.## ###....### ###
### ##..### ###..##
######.D.##


You could see an ice dragon.

Vanquished Creatures
  A two-headed ogre (D:9)
  4 rime drakes
  A troll (D:10)
  2 hippogriffs (D:8)
  2 wraiths (D:9)
  A spriggan (D:9)
  6 yaks (D:10)
  Sigmund (D:2)
  A wyvern (D:9)
  A hog (D:9)
  Menkaure (D:7)
  8 orc warriors
  13 ice beasts
  2 sky beasts
  3 phantoms
  A necrophage (D:8)
  9 ogres
  5 centaurs
  5 big kobolds
  4 bullfrogs
  An elf zombie (D:9)
  3 gnoll sergeants (D:10)
  2 elf skeletons (D:9)
  3 scorpions
  9 wights
  6 howler monkeys
  2 crimson imps (D:5)
  A bullfrog zombie (D:7)
  A centaur skeleton (D:6)
  2 bullfrog skeletons
  4 hounds
  5 human zombies (D:9)
  3 jellies
  3 orc priests
  11 orc wizards
  Crazy Yiuf (D:2)
  A gnoll shaman (D:8)
  3 iguanas
  5 worker ants
  2 ogre zombies (D:9)
  2 worker ant zombies (D:7)
  Robin (D:2)
  12 gnolls
  A howler monkey skeleton (D:7)
  10 adders
  3 shadow imps
  3 oozes (D:2)
  2 adder skeletons (D:9)
  2 worms
  2 dart slugs (D:1)
  4 leopard geckos
  32 orcs
  8 giant cockroaches
  19 goblins
  11 hobgoblins
  5 jackals
  27 kobolds
  3 quokkas
  2 ball pythons
  7 bats
  6 frilled lizards
  A jackal skeleton (D:4)
  A leopard gecko skeleton (D:7)
  10 rats
313 creatures vanquished.

Vanquished Creatures (collateral kills)
  Harold (D:7)
  An ugly thing (D:6)
  2 ice statues (IceCv)
  Grinder (D:6)
  3 ice beasts (IceCv)
  A sky beast (D:8)
  A necrophage (D:6)
  2 water moccasin zombies (D:6)
  2 howler monkeys (D:6)
  A crimson imp (D:6)
  A bullfrog skeleton (D:6)
  2 hounds (D:6)
  An iguana (D:6)
  A worker ant (D:6)
  3 orc wizards (D:6)
  A gnoll (D:7)
  A shadow imp (D:6)
  An orc (D:6)
26 creatures vanquished.

Vanquished Creatures (others)
  An ice dragon (IceCv)
  A crimson imp (D:7)
  A ball lightning (IceCv)
  A quokka (D:9)
  A kobold (D:8)
5 creatures vanquished.

Grand Total: 344 creatures vanquished

Notes
Turn   | Place    | Note
-------+----------+-------------------------------------------
     0 | D:1      | Lew the Gargoyle Fighter began the quest for the Orb.
     0 | D:1      | Reached XP level 1. HP: 14/14 MP: 1/1
   242 | D:1      | Reached XP level 2. HP: 19/19 MP: 2/2
   384 | D:1      | Reached skill level 1 in Stealth
   429 | D:1      | Reached XP level 3. HP: 23/23 MP: 3/3
   784 | D:2      | Reached skill level 1 in Dodging
   879 | D:2      | Noticed Sigmund
   893 | D:2      | Killed Sigmund
   893 | D:2      | Reached skill level 2 in Stealth
   893 | D:2      | Reached XP level 4. HP: 19/29 MP: 4/4
   893 | D:2      | Reached XP level 5. HP: 22/33 MP: 5/5
   964 | D:2      | Found a runed door.
  1001 | D:2      | Reached XP level 6. HP: 36/38 MP: 6/6
  1082 | D:2      | Noticed Robin
  1095 | D:2      | Killed Robin
  1262 | D:2      | Found a hide-covered altar of Uskayaw.
  1385 | D:2      | Noticed Crazy Yiuf
  1397 | D:2      | Killed Crazy Yiuf
  1397 | D:2      | Reached skill level 3 in Stealth
  1737 | D:3      | Reached XP level 7. HP: 15/43 MP: 7/7
  2228 | D:3      | Found a shimmering altar of Xom.
  2231 | D:3      | Found a sparkling altar of Nemelex Xobeh.
  2233 | D:3      | Found a hazy altar of Hepliaklqana.
  2267 | D:3      | Became a worshipper of Nemelex Xobeh the Trickster
  2682 | D:4      | Received a gift from Nemelex Xobeh
  2783 | D:4      | Found a radiant altar of Vehumet.
  2982 | D:4      | Reached skill level 4 in Stealth
  3344 | D:5      | Entered Level 5 of the Dungeon
  3378 | D:5      | Reached * piety under Nemelex Xobeh
  3416 | D:5      | Reached XP level 8. HP: 48/48 MP: 8/8
  3890 | D:5      | Found a staircase to the Ecumenical Temple.
  3950 | D:5      | Found an iron altar of Okawaru.
  3950 | D:5      | Found a sacrificial altar of Ru.
  4026 | D:5      | Received a gift from Nemelex Xobeh
  4154 | Temple   | Entered the Ecumenical Temple
  4253 | D:6      | Gained mutation: Your magical capacity is low. (-10% MP) [potion of mutation]
  4253 | D:6      | Gained mutation: Armour fits poorly on your strangely shaped body. [potion of mutation]
  4253 | D:6      | Gained mutation: You are somewhat resistant to further mutation. [potion of mutation]
  4326 | D:6      | Reached skill level 5 in Stealth
  4342 | D:6      | Noticed a cyan ugly thing
  4360 | D:6      | Killed a cyan ugly thing
  4360 | D:6      | Reached skill level 5 in Fighting
  4366 | D:6      | Reached skill level 5 in Armour
  4367 | D:6      | Reached skill level 5 in Shields
  4371 | D:6      | Noticed Grinder
  4389 | D:6      | Noticed an ice devil
  4395 | D:6      | Killed Grinder
  4414 | D:6      | Reached skill level 5 in Axes
  4415 | D:6      | Reached XP level 9. HP: 41/54 MP: 8/8
  4424 | D:6      | Reached skill level 6 in Stealth
  4669 | D:6      | Reached ** piety under Nemelex Xobeh
  4777 | D:6      | Found a glowing silver altar of Zin.
  4827 | D:6      | Received a gift from Nemelex Xobeh
  4872 | D:6      | Got a brightly glowing falchion
  4904 | D:6      | Identified 2 scrolls of acquirement
  4919 | D:6      | Identified the +2 falchion of Demand {slice, *Drain Str+7} (You found it on level 6 of the Dungeon)
  5179 | D:7      | Got a fine ring mail
  5373 | D:7      | Noticed Harold
  5397 | D:7      | Killed Harold
  5397 | D:7      | Reached skill level 5 in Dodging
  5397 | D:7      | Reached skill level 7 in Stealth
  5397 | D:7      | Reached skill level 1 in Evocations
  5479 | D:7      | Found a burning altar of Makhleb.
  5493 | D:7      | Noticed Menkaure
  5504 | D:7      | Killed Menkaure
  5547 | D:7      | Identified the cursed +0 ring mail "Alucvypa" {+Fly Regen+ Int-3} (You found it on level 7 of the Dungeon)
  5652 | D:7      | Reached XP level 10. HP: 41/60 MP: 10/10
  6017 | D:7      | Received a gift from Nemelex Xobeh
  6070 | D:7      | Found Meosaocw's Assorted Antiques.
  6075 | D:7      | Bought a potion of heal wounds for 140 gold pieces
  6075 | D:7      | Bought a cabochon ring for 140 gold pieces
  6075 | D:7      | Bought a scroll of remove curse for 84 gold pieces
  6075 | D:7      | Bought a scroll of identify for 56 gold pieces
  6075 | D:7      | Bought a scroll of remove curse for 84 gold pieces
  6383 | D:8      | Found a snail-covered altar of Cheibriados.
  6590 | D:8      | Received a gift from Nemelex Xobeh
  6616 | D:8      | Found a shadowy altar of Dithmenos.
  6680 | D:8      | Reached skill level 8 in Stealth
  7133 | D:8      | Found a deep blue altar of Sif Muna.
  7468 | D:9      | Reached *** piety under Nemelex Xobeh
  7595 | D:9      | Found a white marble altar of Elyvilon.
  7925 | D:9      | Noticed a two-headed ogre
  7933 | D:9      | Killed a two-headed ogre
  7933 | D:9      | Reached skill level 9 in Stealth
  7933 | D:9      | Reached XP level 11. HP: 49/66 MP: 11/11
  7956 | D:9      | Received a gift from Nemelex Xobeh
  8133 | D:9      | Found a hide-covered altar of Uskayaw.
  8245 | D:9      | Found an ancient bone altar of Kikubaaqudgha.
  8429 | D:10     | Entered Level 10 of the Dungeon
  8475 | D:10     | Found a staircase to the Lair.
  8791 | D:10     | Found a staircase to the Orcish Mines.
  8802 | D:10     | Received a gift from Nemelex Xobeh
  8830 | D:10     | Reached skill level 10 in Stealth
  9496 | D:10     | Found a portal to a secret trove of treasure.
  9549 | Lair:1   | Entered Level 1 of the Lair of Beasts
  9573 | Lair:1   | Found a frozen archway.
  9591 | IceCv    | Entered an ice cave
  9618 | IceCv    | Reached **** piety under Nemelex Xobeh
  9856 | IceCv    | Received a gift from Nemelex Xobeh
 10483 | IceCv    | Reached XP level 12. HP: 34/73 MP: 9/12
 10724 | IceCv    | Noticed an ice dragon
 10725 | IceCv    | Noticed an ice dragon
 10740 | IceCv    | Killed an ice dragon
 11030 | IceCv    | Killed from afar by an ice dragon

Skill      XL: |  1  2  3  4  5  6  7  8  9 10 11 |
---------------+----------------------------------+-----
Axes           | 2 3 4 5 6 7 |  7.7
Stealth        | 1 2 3 4 5 7 9 10 | 10.7
Dodging        | 1 2 3 4 5 6 7 |  7.7
Armour         | 4 5 6 7 |  7.7
Fighting       | 4 5 6 7 |  7.8
Shields        | 4 5 6 7 |  7.8
Evocations     | 1 2 |  2.5

Action                   |  1- 3 |  4- 6 |  7- 9 | 10-12 || total
-------------------------+-------+-------+-------+-------++-------
Melee: War axe           |   110 |    10 |       |       ||   120
       Hand axe          |       |   100 |   444 |   809 ||  1353
Throw: Stone             |    16 |       |     4 |       ||    20
       Javelin           |       |       |       |     1 ||     1
Evoke: Deck              |       |       |    16 |    28 ||    44
       Wand              |       |       |     2 |    54 ||    56
  Use: Scroll            |     6 |     3 |    11 |    10 ||    30
       Potion            |     1 |     3 |    10 |     2 ||    16
 Stab: Distracted        |       |       |     2 |     2 ||     4
       Petrified         |       |       |     5 |       ||     5
       Paralysed         |       |       |     4 |       ||     4
       Petrifying        |       |       |     1 |       ||     1
       Sleeping          |       |       |       |     7 ||     7
  Eat: Chunk             |       |     2 |     3 |     2 ||     7
       Ration            |       |       |     4 |     5 ||     9
Armor: Scale mail        |    60 |    45 |    58 |       ||   163
       Pearl dragon scal |       |       |   167 |   386 ||   553
Dodge: Dodged            |    49 |    34 |   138 |   307 ||   528
Block: Shield            |    42 |    46 |   215 |   410 ||   713
